 Dungeon Crawl Stone Soup version 0.27.0-1-g7a089689b8 (webtiles) character file.

Game seed: 15364461123889898586

46 HungrySpirit the Vexing (level 3, -3/27 HPs)
             Began as a Human Arcane Marksman on July 31, 2021.
             Slain by a worm (8 damage)
             ... on level 2 of the Dungeon.
             The game lasted 00:01:50 (1944 turns).

HungrySpirit the Vexing (Human Arcane Marksman)     Turns: 1944, Time: 00:01:51

Health: -3/27      AC:  3    Str: 11    XL:     3   Next: 95%
Magic:  4/4        EV: 12    Int: 13    God:
Gold:   99         SH:  0    Dex: 13    Spells: 3/4 levels left

rFire    . . .     SeeInvis .   e - +0 whip
rCold    . . .     Faith    .   (no shield)
rNeg     . . .     Spirit   .   f - +0 leather armour
rPois    .         Reflect  .   (no helmet)
rElec    .         Harm     .   (no cloak)
rCorr    +         Rampage  .   (no gloves)
Will     .....                  (no boots)
Stlth    +.........             (no amulet)
HPRegen  0.09/turn              g - ring of resist corrosion
MPRegen  0.09/turn              (no ring)

@: no status effects
A: no striking features
a: no special abilities


You were on level 2 of the Dungeon.
You visited 1 branch of the dungeon, and saw 2 of its levels.

You collected 99 gold pieces.

Inventory:

Hand Weapons
 a - a +0 shortbow
 e - a +0 whip (weapon)
Missiles
 c - 12 arrows
Armour
 f - a +0 leather armour (worn)
Jewellery
 g - a ring of resist corrosion (left hand)
Scrolls
 b - a scroll of fog {unknown}
 h - a scroll of enchant weapon {unknown}
 i - a scroll of noise {unknown}
Potions
 d - a potion of haste {unknown}


   Skills:
 + Level 2.0 Fighting
 + Level 0.4 Maces & Flails
 - Level 2.0 Bows
 + Level 1.6 Armour
 + Level 2.7 Dodging
 - Level 1.0 Spellcasting
 - Level 3.0 Hexes


You had 3 spell levels left.
You knew the following spells:

 Your Spells              Type           Power      Damage    Failure   Level
a - Corona                Hex            8%         N/A       11%         1

Your spell library contained the following spells:

 Spells                   Type           Power      Damage    Failure   Level
 Slow                     Hex            8%         N/A       16%         2
 Inner Flame              Hex/Fire       4%         N/A       52%         3
 Portal Projectile        Hex/Tloc       8%         N/A       52%         3
 Cause Fear               Hex            4%         N/A       71%         4


Dungeon Overview and Level Annotations

Branches:
Dungeon (2/15)

Altars:


Message History

A worm comes into view.
A worm is nearby!
The worm bites you.
You hit the worm.
The worm is moderately wounded.
You hit the worm but do no damage.
The worm is moderately wounded.
The worm bites you.
You hit the worm.
The worm is heavily wounded.
The worm bites you.
You hit the worm.
The worm is severely wounded.
You hit the worm.
The worm is severely wounded.
The worm barely misses you.
You barely miss the worm.
The worm is severely wounded.
The worm bites you!
* * * LOW HITPOINT WARNING * * *
You are too injured to fight recklessly!
You are too injured to fight recklessly!
You barely miss the worm.
The worm is severely wounded.
The worm closely misses you.
You hit the worm but do no damage.
The worm is heavily wounded.
Your leather armour prevents you from hitting the worm.
The worm is heavily wounded.
The worm bites you.
* * * LOW HITPOINT WARNING * * *
You hit the worm.
The worm is almost dead.
The worm barely misses you.
You hit the worm.
The worm is almost dead.
You barely miss the worm.
The worm is almost dead.
The worm bites you!
You die...

#### #.#######.#
########.#.......#
........†#.......#
....#....+.......#
.##.#.##.#.......#
. #.#.##.#.......#
. #.#.####.......#
. #.#.# #####+#.#
. #.#.# #@# .
#.#.# #w# . #.#.#
#.# + #.#'### #.#
#.....# #.#
##.....# #.#
.#......# #.#
.#......######.#.#
.#..>...>......


You could see a worm.

Vanquished Creatures
  2 adders (D:2)
  A dart slug (D:1)
  3 endoplasms
  2 giant cockroaches (D:1)
  3 hobgoblins
  2 jackals (D:2)
  A kobold (D:1)
  A quokka (D:2)
  3 ball pythons
  3 bats (D:1)
  4 frilled lizards
  2 rats (D:2)
27 creatures vanquished.

Notes
Turn   | Place    | Note
-------+----------+-------------------------------------------
     0 | D:1      | HungrySpirit the Human Arcane Marksman began the quest for
                  | the Orb.
     0 | D:1      | Reached XP level 1. HP: 15/15 MP: 2/2
    45 | D:1      | Found a faded altar of an unknown god.
   368 | D:1      | Reached XP level 2. HP: 21/21 MP: 3/3
   643 | D:1      | Reached skill level 1 in Armour
  1205 | D:2      | Reached XP level 3. HP: 22/27 MP: 4/4
  1944 | D:2      | Slain by a worm

Illustrated notes

Levels and vault maps discovered:
D:1:      mushboom_english_gardens, layout_loops_corners,
          hellmonk_ecumenical_altar_blasted, hangedman_decor_push
D:2:      layout_basic, uniq_robin

Skill      XL: |  1  2  3 |
---------------+----------+-----
Armour         | 1 |  1.6
Fighting       | 2 |  2.0
Maces & Flails | |  0.4
Bows           | |  2.0
Dodging        | |  2.7
Spellcasting   | |  1.0
Hexes          | |  3.0

Action                   || total
-------------------------++-------
Melee: Whip              ||    63
 Fire: Shortbow          ||    62
Armor: Robe              ||     7
       Leather armour    ||    11
Dodge: Dodged            ||    60
